 Dungeon Crawl Stone Soup version 0.26-a0-958-gf3041fb45f (webtiles) character file.

Game seed: 11318126042638039902

3358 miscthings the Slicer (level 9, -12/47 HPs)
             Began as a Vampire Enchanter on Nov 30, 2020.
             Mangled by a boulder beetle (33 damage)
             ... on level 7 of the Dungeon.
             The game lasted 00:17:17 (6144 turns).

miscthings the Slicer (Vampire Enchanter)           Turns: 6144, Time: 00:17:18

Health: -12/47     AC: 10    Str: 10    XL:     9   Next: 73%
Magic:  14/14      EV: 13    Int: 17    God:
Gold:   443        SH:  0    Dex: 15    Spells: 6/15 levels left

rFire    . . .     SeeInvis +   a - +6 short sword of Rubbish {vamp, MR+}
rCold    + + .     Faith    .   (no shield)
rNeg     + + +     Spirit   .   i - +0 steam dragon scales
rPois    ∞         Reflect  .   (no helmet)
rElec    .         Harm     .   m - +2 cloak {MR+}
rCorr    .         Rampage  .   y - +0 pair of gloves (curse)
MR       ++...                  s - +0 pair of boots
Stlth    +++++.....             t - amulet of regeneration
HPRegen  0.00/turn              (no ring)
MPRegen  0.14/turn              (no ring)

@: bloodless
A: fangs 3, see invisible, unbreathing
a: Bat Form, Revivify


You were on level 7 of the Dungeon.
You visited 2 branches of the dungeon, and saw 8 of its levels.

You collected 443 gold pieces.

Inventory:

Hand Weapons
 a - the +6 short sword of Rubbish (weapon) {vamp, MR+}
   (You found it on level 4 of the Dungeon)

   It inflicts no extra harm, but heals its wielder when it wounds a living foe.
   It affects your resistance to hostile enchantments.
 w - a +0 dagger of venom
Armour
 h - a scarf of repulsion
 i - +0 steam dragon scales (worn)
 m - a +2 cloak of magic resistance (worn)
 s - a +0 pair of boots (worn)
 x - a +2 ring mail of magic resistance
 y - a cursed +0 pair of gloves (worn)
Jewellery
 q - an uncursed ring of fire
 t - an amulet of regeneration (around neck)
Wands
 B - a wand of flame (15)
 D - a wand of random effects (19)
Scrolls
 e - a scroll of noise {unknown}
 j - 5 scrolls of remove curse
 k - a scroll of magic mapping
 n - 3 scrolls of blinking
 o - a scroll of teleportation {unknown}
 r - a scroll of fog
 u - 2 scrolls of immolation {unknown}
 v - a scroll of random uselessness {unknown}
 A - a scroll of amnesia {unknown}
Potions
 b - 2 potions of magic {unknown}
 c - 2 potions of brilliance {unknown}
 d - 3 potions of haste
 f - 3 potions of lignification
 g - 2 potions of heal wounds
 l - a potion of attraction {unknown}
 p - a potion of mutation {unknown}
 z - a potion of berserk rage {unknown}
 C - 2 potions of might {unknown}
 E - a potion of cancellation {unknown}
 R - 9 potions of curing


   Skills:
 + Level 1.5 Fighting
 - Level 12.0 Short Blades
 + Level 1.3 Armour
 + Level 3.1 Dodging
 + Level 5.6 Stealth
 + Level 3.5 Spellcasting
 + Level 7.6 Hexes
 - Level 3.0 Ice Magic
 * Level 2.3 Evocations


You had 6 spell levels left.
You knew the following spells:

 Your Spells              Type           Power        Failure   Level
a - Ensorcelled Hibernat  Hex/Ice        ###...       2%          2
b - Corona                Hex            ####...      1%          1
c - Tukima's Dance        Hex            ####....     2%          3
d - Confusing Touch       Hex            ####....     2%          3

Your spell library contained the following spells:

 Spells                   Type           Power        Failure   Level
 Dazzling Flash           Conj/Hex       ###...       11%         3
 Beastly Appendage        Tmut           #.....       17%         1
 Wereblood                Tmut           #.......     26%         2
 Spider Form              Tmut/Pois      #.........   45%         3
 Ice Form                 Ice/Tmut       #.......     65%         4
 Blade Hands              Tmut           #.........   99%         5


Dungeon Overview and Level Annotations

Branches:
Dungeon (7/15)             Temple (1/1) D:6

Altars:
Ashenzari
Cheibriados
Dithmenos
Elyvilon
Fedhas
Gozag
Hepliaklqana
Kikubaaqudgha
Makhleb
Nemelex Xobeh
Okawaru
Qazlal
Ru
Trog
Uskayaw
Vehumet
Wu Jian
Xom
Yredelemnul
Zin
The Shining One

Annotations:
D:7 3 runed translucent doors, ThatOtherGuy53's ghost, novice HOMo


Innate Abilities, Weirdness & Mutations

You do not regenerate when monsters are visible.
You are frail without blood (-20% HP).
You can heal yourself when you bite living creatures.
You are immune to poison.
You have razor-sharp teeth.
You have supernaturally acute eyesight. (SInv)
You can survive without breathing.


Message History

Aiming: Ensorcelled Hibernation (safe; 2% risk of failure)
Press: ? - help, Shift-Dir - straight line, f/p - boulder beetle
Aim: a boulder beetle (chance to defeat MR: 33%)
The boulder beetle looks drowsy...
The helpless boulder beetle fails to defend itself.
You impale the boulder beetle!!
The boulder beetle is heavily wounded.
The boulder beetle hits you!!!
Ouch! That really hurt!
* * * LOW HITPOINT WARNING * * *
The boulder beetle stops rolling and uncurls.
Blink to where?
Press: ? - help, Dir - move target, p - boulder beetle
As you read the scroll of blinking, it crumbles to dust.
Drop what? 32/52 slots (_ for help) (? for menu, Esc to quit)
Okay, then.
The boulder beetle curls into a ball and begins rolling!
The boulder beetle hits you!!
Ouch! That really hurt!
You die...

.....#..#..##B..........#
....##..#..###..........#
....##......##.#....#..####
##.###....######..........##
..)..#........##..............#
................°°.....#.####.#
...............○#.............##
...............B#......8.8.8...#
................@..............#
#.............##....##.).......#
.............##....[.#......#..#
......>.......#...........)_#..#
.......(...........).#......#..#
#.............##.....#....(....#
#............#.#...##..........#
.......................8.8.8...#
..............................##


You could see a boulder beetle.

Vanquished Creatures
  Grinder (D:4)
  Sigmund (D:4)
  3 wraiths (D:7)
  Duvessa (D:5)
  A water moccasin (D:7)
  An orc warrior (D:7)
  An ice beast (D:7)
  3 phantoms
  2 ogres
  A centaur (D:7)
  4 bullfrogs
  Blork the orc (D:5)
  A gnoll sergeant (D:5)
  Dowan (D:5)
  6 wights (D:7)
  A troll skeleton (D:7)
  A jelly (D:5)
  2 human zombies (D:7)
  2 hounds
  2 orc priests
  Crazy Yiuf (D:3)
  2 orc wizards
  Jessica (D:3)
  8 worker ants
  2 ogre zombies (D:7)
  2 mummies (D:7)
  A worker ant zombie (D:5)
  10 gnolls
  A howler monkey skeleton (D:4)
  5 adders
  A white imp (D:7)
  An ufetubus (D:5)
  An adder skeleton (D:5)
  2 worms
  4 dart slugs
  5 leopard geckos
  5 orcs
  6 giant cockroaches
  8 goblins
  5 hobgoblins
  9 jackals
  6 quokkas
  2 ball pythons
  9 bats
  3 frilled lizards
  3 kobolds
  2 leopard gecko zombies
  A quokka skeleton (D:5)
  2 quokka zombies
  4 rats
148 creatures vanquished.

Vanquished Creatures (collateral kills)
  Edmund (D:4)
1 creature vanquished.

Grand Total: 149 creatures vanquished

Notes
Turn   | Place    | Note
-------+----------+-------------------------------------------
     0 | D:1      | miscthings the Vampire Enchanter began the quest for the
                  | Orb.
     0 | D:1      | Reached XP level 1. HP: 13/13 MP: 3/3
   112 | D:1      | Found an iron altar of Okawaru.
   120 | D:1      | Reached skill level 5 in Hexes
   128 | D:1      | Reached XP level 2. HP: 3/19 MP: 5/5
   131 | D:1      | Learned a level 2 spell: Ensorcelled Hibernation
   803 | D:2      | Reached XP level 3. HP: 24/24 MP: 6/6
   925 | D:2      | Found a hazy altar of Hepliaklqana.
  1956 | D:3      | Noticed Jessica
  1980 | D:3      | Killed Jessica
  1981 | D:3      | Reached XP level 4. HP: 24/24 MP: 3/8
  2159 | D:3      | Found a shadowy altar of Dithmenos.
  2338 | D:3      | Found a runed translucent door.
  2339 | D:3      | Noticed Crazy Yiuf
  2382 | D:3      | Learned a level 3 spell: Tukima's Dance
  2395 | D:3      | Killed Crazy Yiuf
  2396 | D:3      | Reached skill level 1 in Ice Magic
  2602 | D:3      | Reached XP level 5. HP: 20/28 MP: 4/9
  2934 | D:4      | Noticed Edmund
  2982 | D:4      | Killed Edmund
  2983 | D:4      | Reached skill level 3 in Short Blades
  2983 | D:4      | Reached XP level 6. HP: 24/32 MP: 1/10
  3437 | D:4      | Noticed Grinder
  3469 | D:4      | Learned a level 3 spell: Confusing Touch
  3509 | D:4      | Killed Grinder
  3510 | D:4      | Reached skill level 5 in Short Blades
  3510 | D:4      | Reached XP level 7. HP: 29/36 MP: 8/11
  3598 | D:4      | Noticed Sigmund
  3609 | D:4      | Killed Sigmund
  3610 | D:4      | Reached skill level 6 in Short Blades
  3696 | D:4      | Reached skill level 7 in Short Blades
  3698 | D:4      | Got a shimmering short sword
  3699 | D:4      | Identified the +6 short sword of Rubbish {vamp, MR+} (You
                  | found it on level 4 of the Dungeon)
  3743 | D:5      | Entered Level 5 of the Dungeon
  3797 | D:5      | Noticed Duvessa
  3797 | D:5      | Noticed Dowan
  3830 | D:5      | Killed Duvessa
  3838 | D:5      | Killed Dowan
  3839 | D:5      | Reached skill level 8 in Short Blades
  3839 | D:5      | Reached XP level 8. HP: 41/41 MP: 2/12
  4032 | D:5      | Noticed Blork the orc
  4173 | D:5      | Found a burning altar of Makhleb.
  4179 | D:5      | Reached skill level 9 in Short Blades
  4238 | D:5      | Killed Blork the orc
  4573 | D:6      | Reached skill level 10 in Short Blades
  4621 | D:6      | Found an opulent altar of Gozag.
  4894 | D:6      | Found a staircase to the Ecumenical Temple.
  4979 | Temple   | Entered the Ecumenical Temple
  5483 | D:7      | Noticed a boulder beetle
  5497 | D:7      | Reached skill level 11 in Short Blades
  5504 | D:7      | Reached XP level 9. HP: 45/45 MP: 13/13
  5630 | D:7      | Found a basalt altar of Yredelemnul.
  5668 | D:7      | Reached skill level 12 in Short Blades
  5755 | D:7      | Reached skill level 1 in Evocations
  5777 | D:7      | Found a hide-covered altar of Uskayaw.
  5817 | D:7      | Reached skill level 1 in Fighting
  5817 | D:7      | Reached skill level 5 in Stealth
  5839 | D:7      | Reached skill level 1 in Armour
  5932 | D:7      | Noticed ThatOtherGuy53's ghost (novice HOMo)
  5940 | D:7      | Found a runed translucent gate.
  5940 | D:7      | Found a runed translucent gate.
  5942 | D:7      | Found a runed translucent gate.
  6144 | D:7      | Mangled by a boulder beetle

Illustrated notes

Levels and vault maps discovered:
D:1:      dpeg_arrival_line_fractal, layout_loops_ring, kennysheep_crisscross,
          okawaru_ov_weapons_minmay
D:2:      layout_basic, marbit_many_paths, serial_rivers,
          chequers_serial_rivers_small_3, chequers_serial_rivers_small_3,
          chequers_serial_rivers_room_a, chequers_serial_rivers_large_b,
          chequers_serial_rivers_large_a, chequers_jeans
D:3:      layout_basic, nicolae_dithmenos_through_a_glass_darkly,
          uniq_crazy_yiuf_cottage, uniq_jessica
D:4:      minmay_octagon_keep, layout_basic, uniq_grinder, uniq_edmund,
          uniq_sigmund
D:5:      layout_basic, lightli_temple_of_fire, uniq_duvessa, uniq_blork_the_orc
D:6:      wander_river, layout_loops_ring, kennysheep_mini,
          minmay_temple_entry_fiery
D:7:      layout_cave_pools, eat_drink_and_be_merry_uskayaw,
          lemuel_mausoleum_altar_yredelemnul, gammafunk_ghost_split,
          grunt_ministairs_9
Temple:   regret_index_temple_generic_petals

Skill      XL: |  1  2  3  4  5  6  7  8  9 |
---------------+----------------------------+-----
Hexes          | 5 6 7 |  7.6
Spellcasting   | 3 |  3.5
Ice Magic      | 1 3 |  3.0
Short Blades   | 3 5 8 11 12 | 12.0
Evocations     | 2 |  2.3
Fighting       | 1 |  1.5
Stealth        | 5 |  5.6
Armour         | 1 |  1.3
Dodging        | 3 |  3.1

Action                   |  1- 3 |  4- 6 |  7- 9 || total
-------------------------+-------+-------+-------++-------
Melee: Dagger            |   155 |    96 |    25 ||   276
       Bite              |     9 |    11 |    25 ||    45
       Short sword       |       |       |   270 ||   270
 Cast: Ensorcelled Hiber |    10 |    11 |    33 ||    54
       Tukima's Dance    |       |     6 |     3 ||     9
       Confusing Touch   |       |     2 |     9 ||    11
 Abil: Exsanguinate      |     1 |       |       ||     1
  Use: Scroll            |     3 |     4 |     3 ||    10
       Potion            |       |       |     1 ||     1
 Stab: Sleeping          |    23 |    16 |    43 ||    82
       Confused          |       |     1 |    11 ||    12
Armor: Robe              |    24 |       |       ||    24
       Leather armour    |    18 |    22 |       ||    40
       Steam dragon scal |       |     6 |    55 ||    61
Dodge: Dodged            |    88 |    64 |   114 ||   266

Table legend: (Time is in decaauts)
 A = Elapsed time spent in this place.
 B = Non-inter-level travel time spent in this place.
 C = Inter-level travel time spent in this place.
 D = Time resting spent in this place.
 E = Time spent auto-exploring this place.
 F = Levels seen in this place.
 G = Mean time per level.
                   A        B        C        D        E       F      G
               +--------+--------+--------+--------+--------+-----+--------+
         Total |   6060 |   5678 |    382 |    350 |   3430 |   8 |  757.5 |
       Dungeon |   5827 |   5478 |    349 |    350 |   3236 |   7 |  832.4 |
        Temple |    232 |    199 |     33 |      0 |    194 |   1 |  232.0 |
               +--------+--------+--------+--------+--------+-----+--------+

Top non-repeatable levels by time:
     D:2: 1266 daAuts
     D:4: 905 daAuts
     D:3: 838 daAuts
     D:1: 776 daAuts
     D:5: 714 daAuts
     D:6: 696 daAuts
     D:7: 630 daAuts
  Temple: 232 daAuts
